[Event "January 9 Early 2024"]
[Site "https://www.chess.com"]
[Date "2024.01.11"]
[Round "7"]
[White "Haring, Filip"]
[Black "Lymar, Vladislav"]
[Result "1-0"]
[Board "222"]
[TimeControl "180+1"]
[WhiteFideId "14933080"]
[BlackFideId "14162180"]
[WhiteElo "2712"]
[BlackElo "2533"]
[WhiteTeam "SVK"]
[BlackTeam "UKR"]
[WhiteClock "0:00:03"]
[BlackClock "0:00:01"]

1. Nf3 d6 2. c4 e5 3. Nc3 f5 4. e3 Nf6 5. d4 Nc6 6. Be2 Be7 7. O-O O-O 8. a3 a5 9. Rb1 Kh8 10. b4 axb4 11. axb4 e4 12. Nd2 Qe8 13. Nb5 Bd8 14. c5 d5 15. Nc3 f4 16. b5 fxe3 17. fxe3 Ne7 18. Rf2 Nf5 19. Nf1 Qg6 20. c6 b6 21. Qb3 Be6 22. Ba3 Rf7 23. Bb4 Nh4 24. Ng3 Qg5 25. Nd1 h5 26. Rb2 Kg8 27. Ra2 Rb8 28. Ra7 Ng6 29. Nf1 Bg4 30. Nc3 Bxe2 31. Nxe2 Ng4 32. Rxf7 Kxf7 33. Bd6 Rc8 34. Bf4 Qf5 35. Nfg3 Qe6 36. Nxh5 Nh4 37. Bg3 Ng6 38. Nhf4 Nxf4 39. Nxf4 Qf5 40. Qxd5+ Qxd5 41. Nxd5 Ke6 42. Nxc7+ Bxc7 43. Rxc7 Ra8 44. Kf1 Ra1+ 45. Ke2 Ra2+ 46. Kd1 Nxe3+ 47. Kc1 Rc2+ 48. Kb1 Kd5 49. Rd7+ Kc4 50. Bf4 Kb3 51. Bxe3 Re2 52. Bc1 e3 53. c7 Rc2 54. Bxe3 Rxc7 55. Rxc7 1-0

[Event "January 9 Early 2024"]
[Site "https://www.chess.com"]
[Date "2024.01.11"]
[Round "7"]
[White "Gevorgyan, Maria"]
[Black "Rose, Felix"]
[Result "1-0"]
[Board "223"]
[TimeControl "180+1"]
[WhiteFideId "13300270"]
[BlackFideId "5105722"]
[WhiteElo "2417"]
[BlackElo "2244"]
[WhiteTeam "ARM"]
[BlackTeam "MEX"]
[WhiteClock "0:00:22"]
[BlackClock "0:00:02"]

1. e4 e5 2. Nf3 Nc6 3. Bc4 Nf6 4. Ng5 d5 5. exd5 Na5 6. Bb5+ c6 7. dxc6 bxc6 8. Qf3 Be7 9. Bd3 O-O 10. O-O h6 11. Ne4 Nd5 12. Ng3 g6 13. c4 Nf4 14. Be4 Rb8 15. d4 Nxc4 16. dxe5 Ne6 17. Qc3 Qd4 18. Bxh6 Rd8 19. Nf5 gxf5 20. Qg3+ Kh7 21. Bxf5+ Kxh6 22. Nc3 Qh4 23. Qf3 Ng5 24. Qxc6+ Be6 25. g3 Rbc8 26. gxh4 Rxc6 27. hxg5+ Kxg5 28. Be4 Rcc8 29. f4+ Kh6 30. f5 Rg8+ 31. Kh1 Bd7 32. Nd5 Bc5 33. Nf6 Rgd8 34. Rf3 Nd2 35. Rh3+ Kg5 36. Nh7+ Kf4 37. Rh4+ Kxe5 38. Bb7 Bc6+ 39. Bxc6 Rxc6 40. Re1+ Kd6 41. b4 Nf3 42. Rd1+ Kc7 43. Rxd8 Kxd8 44. Rf4 Bxb4 45. Rxf3 Rc1+ 46. Kg2 Rc2+ 47. Kh3 Rxa2 48. Ng5 Ke7 49. f6+ Kd7 50. Nxf7 a5 51. Ne5+ Ke8 52. f7+ Kd8 53. Nc6+ 1-0

[Event "January 9 Early 2024"]
[Site "https://www.chess.com"]
[Date "2024.01.11"]
[Round "7"]
[White "Lu, Shanglei"]
[Black "Wojtaszek, Radoslaw"]
[Result "1-0"]
[Board "224"]
[TimeControl "180+1"]
[WhiteFideId "8603332"]
[BlackFideId "1118358"]
[WhiteElo "3050"]
[BlackElo "2930"]
[WhiteTeam "CHN"]
[BlackTeam "POL"]
[WhiteClock "0:00:05"]
[BlackClock "0:00:02"]

1. e4 c5 2. Nf3 d6 3. d4 cxd4 4. Nxd4 Nf6 5. f3 Nc6 6. Nc3 e5 7. Nb3 Be7 8. Be3 O-O 9. Qd2 a5 10. Bb5 Na7 11. Bxa7 Rxa7 12. O-O-O Be6 13. a4 Nd7 14. Kb1 Nb6 15. Qe2 Qc7 16. Rd3 Raa8 17. Nd2 Rac8 18. Rd1 Rfd8 19. Nf1 Nc4 20. Ne3 Nxe3 21. Qxe3 Qc5 22. Qxc5 Rxc5 23. Nd5 Bf8 24. b3 f5 25. exf5 Bxf5 26. Rc3 Rxc3 27. Nxc3 Kf7 28. Bc4+ Kg6 29. Kb2 h5 30. Rd5 Ra8 31. Rb5 Ra7 32. Bd5 Bc8 33. Ne4 h4 34. Rb6 Ra6 35. Rxa6 bxa6 36. Kc3 Kf5 37. Kd3 Kf4 38. g3+ hxg3 39. hxg3+ Kf5 40. c3 Be7 41. b4 axb4 42. cxb4 Bd7 43. a5 Bb5+ 44. Bc4 Bc6 45. Bxa6 d5 46. Bc8+ Kg6 47. Nc5 e4+ 48. fxe4 dxe4+ 49. Kc4 Kg5 50. b5 e3 51. bxc6 Bxc5 52. Bg4 Kxg4 53. c7 e2 54. c8=Q+ 1-0

[Event "January 9 Early 2024"]
[Site "https://www.chess.com"]
[Date "2024.01.11"]
[Round "7"]
[White "Domalchuk-Jonasson, Aleksandr"]
[Black "Rustamov, Rustam"]
[Result "1/2-1/2"]
[Board "225"]
[TimeControl "180+1"]
[WhiteFideId "14142805"]
[BlackFideId "13440110"]
[WhiteElo "2633"]
[BlackElo "2880"]
[WhiteTeam "ISL"]
[BlackTeam "AZE"]
[WhiteClock "0:00:02"]
[BlackClock "0:00:14"]

1. Nf3 Nf6 2. e3 d5 3. c4 e6 4. b3 dxc4 5. bxc4 Be7 6. Be2 O-O 7. O-O b6 8. d4 Bb7 9. a4 a5 10. Nc3 Nbd7 11. Rb1 Ne4 12. Nxe4 Bxe4 13. Nd2 Bxb1 14. Nxb1 c5 15. Nc3 cxd4 16. exd4 Rc8 17. Be3 Nf6 18. Qb3 Bb4 19. Na2 Bd6 20. Rb1 Qc7 21. h3 Ne4 22. Bf3 Nf6 23. Be2 Rfe8 24. Nc3 Bb4 25. Na2 Bf8 26. Nc3 e5 27. d5 Bc5 28. Nb5 Qd7 29. Bg5 Ne4 30. Be3 Qf5 31. Bg4 Qg6 32. Bxc8 Rxc8 33. Rd1 h6 34. Bxc5 Nxc5 35. Qe3 Qc2 36. Rc1 Qxa4 37. d6 Nd7 38. Qe4 Nf6 39. Qb7 Rxc4 40. Rxc4 Qxc4 41. d7 Qc1+ 42. Kh2 Qf4+ 43. Kg1 Nxd7 44. Qxd7 a4 45. Qd8+ Kh7 46. Qxb6 Qb4 47. Qa6 f5 48. Kh2 Qf4+ 49. Kg1 Qc4 50. Qa5 e4 51. Nc3 f4 52. Qf5+ Kh8 53. Nxe4 a3 54. Qf8+ Kh7 55. Qf5+ Kh8 56. Nd6 Qc1+ 57. Kh2 a2 58. Qf8+ Kh7 59. Qf5+ Kh8 60. Qf8+ Kh7 61. Qf5+ Kh8 1/2-1/2

[Event "January 9 Early 2024"]
[Site "https://www.chess.com"]
[Date "2024.01.11"]
[Round "7"]
[White "Batsiashvili, Nino"]
[Black "Ingebretsen, Jens E"]
[Result "1-0"]
[Board "226"]
[TimeControl "180+1"]
[WhiteFideId "13602993"]
[BlackFideId "1522965"]
[WhiteElo "2525"]
[BlackElo "2597"]
[WhiteTeam "GEO"]
[BlackTeam "NOR"]
[WhiteClock "0:00:14"]
[BlackClock "0:00:10"]

1. Nf3 d5 2. e3 Nf6 3. c4 c6 4. Nc3 Bg4 5. d4 e6 6. Qb3 Qc8 7. Ne5 Nbd7 8. Nxg4 Nxg4 9. Bd2 Bd6 10. Be2 h5 11. h3 Ngf6 12. Rc1 Qb8 13. cxd5 exd5 14. Qc2 Nf8 15. Bd3 Ne6 16. Bf5 O-O 17. Ne2 Ng5 18. f3 Bg3+ 19. Kf1 h4 20. e4 Ne6 21. e5 Nh5 22. Be3 Qe8 23. Qd2 g6 24. Bg4 Nhg7 25. Nxg3 hxg3 26. Qe1 c5 27. Qxg3 cxd4 28. Bh6 Qb5+ 29. Kg1 Rfc8 30. Kh2 Qxb2 31. Qh4 d3 32. Bxg7 Kxg7 33. Qf6+ Kh6 34. Rxc8 Rxc8 35. Bxe6 fxe6 36. Qxe6 Qc2 37. h4 d2 38. h5 Qf5 39. Qxf5 gxf5 40. Rd1 Rc2 41. Kg3 Kxh5 42. Kf4 Kg6 43. Ke3 Rxa2 44. f4 b5 45. Kd4 a5 46. Kxd5 a4 47. Kc5 Rb2 48. e6 Kf6 49. Kd6 Rc2 50. e7 Rc8 51. Kd7 Ra8 52. e8=Q Rxe8 53. Kxe8 b4 54. Rxd2 b3 55. Rd6+ Kg7 56. Rb6 Kg8 57. Ke7 Kg7 58. Ke6 Kg6 59. Ke5+ Kh5 60. Kxf5 Kh4 61. g4 Kg3 62. g5 Kf3 63. g6 b2 64. Rxb2 1-0

[Event "January 9 Early 2024"]
[Site "https://www.chess.com"]
[Date "2024.01.11"]
[Round "7"]
[White "Bachmann, Axel"]
[Black "Van Foreest, Jorden"]
[Result "1/2-1/2"]
[Board "227"]
[TimeControl "180+1"]
[WhiteFideId "3700488"]
[BlackFideId "1039784"]
[WhiteElo "2906"]
[BlackElo "3016"]
[WhiteTeam "PAR"]
[BlackTeam "NED"]
[WhiteClock "0:00:13"]
[BlackClock "0:00:19"]

1. e4 c6 2. d3 d5 3. Nd2 e5 4. Ngf3 Bd6 5. g3 Nf6 6. Bg2 O-O 7. O-O Re8 8. Re1 h6 9. d4 Nbd7 10. exd5 cxd5 11. dxe5 Nxe5 12. Nxe5 Bxe5 13. Nf3 Bg4 14. c3 Bc7 15. Rxe8+ Qxe8 16. Be3 Bb6 17. Bxb6 axb6 18. Qb3 Bxf3 19. Bxf3 Qe6 20. Rd1 Ra5 21. Rd4 Rc5 22. Kg2 g6 23. Qa4 Kg7 24. Qd1 Qe5 25. Rb4 Rc6 26. Qd4 Qxd4 27. Rxd4 Rc5 28. Kf1 Kf8 29. Rb4 Rc6 30. c4 Rxc4 31. Rxb6 Ne4 32. Bxe4 dxe4 33. Rxb7 f5 34. Ke1 Rc1+ 35. Kd2 Rf1 36. Ke2 Ra1 37. a3 Kg8 38. h4 Kf8 39. h5 gxh5 40. Rb5 f4 41. Rf5+ Kg7 42. Rxf4 Ra2 43. Rxe4 Rxb2+ 44. Kf3 Kg6 45. Re2 Rb3+ 46. Re3 Rb2 47. a4 Ra2 48. Re4 Ra3+ 49. Ke2 Ra2+ 50. Ke3 Ra3+ 51. Kf4 Ra2 52. Kf3 Ra3+ 53. Kg2 Kf5 54. Rf4+ Kg5 55. Kf1 Ra2 56. Ke1 Rb2 57. Kd1 h4 58. Rxh4 Rxf2 59. Kc1 Rf3 60. Rh3 Ra3 61. Kd2 h5 62. Ke2 Rxa4 63. Kf2 Ra2+ 64. Kf3 Ra1 65. Kf2 Ra3 66. Rh4 Ra2+ 67. Kf3 1/2-1/2

[Event "January 9 Early 2024"]
[Site "https://www.chess.com"]
[Date "2024.01.11"]
[Round "7"]
[White "Shuvalova, Polina"]
[Black "Swicarz, Maciej"]
[Result "1-0"]
[Board "228"]
[TimeControl "180+1"]
[WhiteFideId "24171760"]
[BlackFideId "1113585"]
[WhiteElo "2747"]
[BlackElo "2491"]
[WhiteTeam "RUS"]
[BlackTeam "POL"]
[WhiteClock "0:00:07"]
[BlackClock "0:00:01"]

1. e4 c5 2. Nf3 d6 3. Bb5+ Nd7 4. O-O a6 5. Bd3 g6 6. Re1 Bg7 7. Bf1 e5 8. c3 Ne7 9. d4 exd4 10. cxd4 cxd4 11. Nxd4 O-O 12. Nc3 b5 13. Bf4 Ne5 14. Qd2 Bb7 15. Rad1 b4 16. Na4 Qa5 17. b3 Rfd8 18. Rc1 Rac8 19. Bg5 Rxc1 20. Rxc1 f6 21. Be3 Bxe4 22. Ne6 Rc8 23. Bb6 Qd5 24. Rxc8+ Nxc8 25. Qxd5 Bxd5 26. Nxg7 Kxg7 27. Bxa6 Nxb6 28. Nxb6 Be6 29. f4 Nc6 30. Kf2 g5 31. Ke3 h6 32. Bc4 Bf5 33. fxg5 fxg5 34. Bd3 Be6 35. Bb5 Ne5 36. Kd4 Bf5 37. Nd5 Bb1 38. Nxb4 Kf6 39. a4 Ke6 40. Bd3 Nxd3 41. Nxd3 Bc2 42. Kc3 Bd1 43. a5 Kd5 44. b4 Kc6 45. Nf2 Be2 46. Ne4 d5 47. Nf6 Bf1 48. g3 Be2 49. Kd4 Bf3 50. Ke5 Kb5 51. Nxd5 g4 52. Kd4 Bg2 53. Nc7+ Kxb4 54. a6 Ka5 55. a7 Kb6 56. a8=Q Bxa8 57. Nxa8+ Kc6 58. Ke5 1-0

[Event "January 9 Early 2024"]
[Site "https://www.chess.com"]
[Date "2024.01.11"]
[Round "7"]
[White "Kohler, Aran"]
[Black "Jimenez Almeida, Luis David"]
[Result "0-1"]
[Board "229"]
[TimeControl "180+1"]
[WhiteFideId "1002856"]
[BlackFideId "22242244"]
[WhiteElo "2261"]
[BlackElo "2513"]
[WhiteTeam "NED"]
[BlackTeam "ESP"]
[WhiteClock "0:00:08"]
[BlackClock "0:00:05"]

1. d4 g6 2. c3 Bg7 3. Bg5 d6 4. Nd2 h6 5. Bh4 Nf6 6. e3 c5 7. Ngf3 O-O 8. Bd3 Nc6 9. Qb3 e5 10. O-O-O cxd4 11. exd4 exd4 12. cxd4 Be6 13. Qa3 a5 14. Kb1 Nb4 15. Rhe1 Nxd3 16. Rxe6 fxe6 17. Qxd3 g5 18. Bxg5 hxg5 19. Nxg5 e5 20. Qb3+ d5 21. dxe5 Ng4 22. Ne6 Qd7 23. Nxf8 Rxf8 24. Nf3 Rd8 25. Qc2 Nxe5 26. Nxe5 Bxe5 27. Qg6+ Bg7 28. Rd3 Qe7 29. Re3 Qf6 30. Re8+ Rxe8 31. Qxe8+ Bf8 32. f3 d4 33. Qe4 b5 34. Qd5+ Kh7 35. Qxb5 Qg6+ 36. Ka1 Qxg2 37. Qf5+ Kg8 38. a3 Qf1+ 39. Ka2 Qc4+ 40. Kb1 Qf7 41. Qg4+ Bg7 42. Qc8+ Kh7 43. Qh3+ Kg6 44. Qg4+ Kh7 45. Qh4+ Bh6 46. Qe4+ Qg6 47. Kc2 Be3 48. Kd3 Qxe4+ 49. fxe4 a4 50. Kc4 Kg6 51. Kb4 d3 52. Kc3 d2 53. Kc2 Kf6 54. h4 Ke5 55. h5 Kxe4 56. Kd1 Kd3 57. b4 axb3 58. a4 b2 59. h6 b1=Q# 0-1

[Event "January 9 Early 2024"]
[Site "https://www.chess.com"]
[Date "2024.01.11"]
[Round "7"]
[White "Lagarde, Maxime"]
[Black "Terry, Renato"]
[Result "1/2-1/2"]
[Board "230"]
[TimeControl "180+1"]
[WhiteFideId "662399"]
[BlackFideId "3803457"]
[WhiteElo "2830"]
[BlackElo "2986"]
[WhiteTeam "FRA"]
[BlackTeam "PER"]
[WhiteClock "0:00:06"]
[BlackClock "0:00:12"]

1. d4 e6 2. c4 Bb4+ 3. Bd2 Bxd2+ 4. Qxd2 Nf6 5. Nc3 d6 6. e3 O-O 7. Bd3 e5 8. Nge2 Qe7 9. O-O Re8 10. Rae1 c6 11. Ng3 h5 12. f4 h4 13. fxe5 dxe5 14. Nge4 Nbd7 15. c5 Nxe4 16. Nxe4 Rf8 17. Bc4 b6 18. Rxf7 Rxf7 19. Nd6 Nf6 20. Bxf7+ Kh7 21. Qf2 Ng4 22. Qc2+ Kh8 23. Qg6 Nh6 24. Rf1 exd4 25. exd4 h3 26. Nxc8 Qe3+ 27. Kh1 Rxc8 28. gxh3 Qxd4 29. cxb6 axb6 30. Bb3 c5 31. Bc2 Qd5+ 32. Be4 Qg8 33. Rf4 Re8 34. Rh4 Re6 35. Rxh6+ gxh6 36. Qxg8+ Kxg8 37. Bd5 Kf7 38. Kg2 Kf6 39. Bxe6 Kxe6 40. Kf3 Kd5 41. Ke3 c4 42. a4 Ke5 43. h4 h5 44. Kd2 Kd4 45. Kc2 Kd5 46. Kc3 Kc5 47. b3 cxb3 48. Kxb3 Kc6 49. Kc4 Kb7 50. Kb4 Ka6 51. h3 Ka7 52. a5 Kb7 53. axb6 Kxb6 54. Kc4 Kc6 55. Kd4 Kd6 56. Ke4 Ke6 57. Kf4 Kf6 58. Ke4 Kg7 59. Kf5 Kh8 60. Kg6 Kg8 61. Kxh5 Kh8 62. Kg6 Kg8 63. h5 Kh8 64. h6 Kg8 65. h7+ Kh8 66. h4 1/2-1/2

[Event "January 9 Early 2024"]
[Site "https://www.chess.com"]
[Date "2024.01.11"]
[Round "7"]
[White "Dyachuk, Artem"]
[Black "Shimanov, Aleksandr"]
[Result "0-1"]
[Board "231"]
[TimeControl "180+1"]
[WhiteFideId "34107924"]
[BlackFideId "4198603"]
[WhiteElo "2710"]
[BlackElo "2990"]
[WhiteTeam "UKR"]
[BlackTeam "RUS"]
[WhiteClock "0:00:15"]
[BlackClock "0:02:06"]

1. e4 a6 2. d4 b5 3. Bd3 Bb7 4. c3 e6 5. Nf3 Nf6 6. Nbd2 c5 7. O-O cxd4 8. cxd4 Be7 9. e5 Nd5 10. Ne4 h6 11. a4 Qb6 12. Bd2 Nc6 13. Qe2 Nxd4 14. Nxd4 Qxd4 15. axb5 axb5 16. Bxb5 Qxe5 17. Bxd7+ Kf8 18. Rxa8+ Bxa8 19. Qa6 Qb8 20. Ra1 Nc7 21. Qc4 Bd5 22. Qd4 Nb5 23. Bxb5 Qxb5 24. Nc3 Qc6 25. Nxd5 exd5 26. Rc1 Qe6 27. Re1 Qd7 28. Bc3 f6 29. Rd1 Kf7 30. Qxd5+ Qxd5 31. Rxd5 Ra8 32. g3 Ke6 33. Rd1 h5 34. Re1+ Kf7 35. Kg2 g5 36. Re4 Rb8 37. h4 Rb5 38. Kf1 g4 39. Ke2 Rf5 40. Rf4 Rxf4 41. gxf4 f5 42. b4 Ke6 43. b5 Kd5 44. b6 Kc6 45. Bd4 Bxh4 46. Kd3 Be7 47. Be3 h4 48. Ke2 h3 49. Kf1 Bd8 50. f3 g3 51. Bf2 gxf2 52. Kxf2 Bxb6+ 53. Kg3 Kd5 54. Kxh3 Be3 55. Kg3 Bd2 56. Kf2 Bxf4 57. Ke2 Ke5 58. Kd3 Bg5 59. Kc4 Kf4 60. Kd3 Kxf3 61. Kd4 f4 62. Kd5 Kg3 63. Kc6 f3 64. Kd5 f2 65. Kc6 f1=Q 66. Kd5 Qf3+ 67. Kd6 Kf4 68. Kd7 Qe4 69. Kd6 Qe5+ 70. Kd7 Qe7+ 71. Kc8 Ke5 72. Kb8 Kd5 73. Ka8 Kc6 74. Kb8 0-1

[Event "January 9 Early 2024"]
[Site "https://www.chess.com"]
[Date "2024.01.11"]
[Round "7"]
[White "Keymer, Vincent"]
[Black "Rakhmatullaev, Almas"]
[Result "1-0"]
[Board "232"]
[TimeControl "180+1"]
[WhiteFideId "12940690"]
[BlackFideId "14205793"]
[WhiteElo "3025"]
[BlackElo "2833"]
[WhiteTeam "GER"]
[BlackTeam "UZB"]
[WhiteClock "0:00:05"]
[BlackClock "0:00:03"]

1. Nf3 Nf6 2. c4 e6 3. Nc3 d5 4. e3 c6 5. b3 Be7 6. Bb2 Nbd7 7. d4 O-O 8. Bd3 b6 9. O-O Bb7 10. Qe2 Rc8 11. Rad1 Qc7 12. e4 dxe4 13. Nxe4 Nxe4 14. Qxe4 Nf6 15. Qh4 h6 16. Bc1 c5 17. Bxh6 gxh6 18. Qxh6 Be4 19. Bxe4 Nxe4 20. Rfe1 f5 21. Qg6+ Kh8 22. Ne5 Rf6 23. Nf7+ Rxf7 24. Qxf7 Bd6 25. Qxc7 Rxc7 26. d5 e5 27. Rd3 Kg7 28. g4 Ng5 29. Kg2 e4 30. Rde3 fxg4 31. Rxe4 Nxe4 32. Rxe4 Rf7 33. Rxg4+ Kf8 34. h4 Be5 35. Re4 Bd4 36. f3 Rg7+ 37. Kh3 Rg1 38. h5 Rg5 39. Kh4 Bf6 40. Rf4 Kf7 41. h6 Rg6+ 42. Kh5 Rg5+ 43. Kh4 Rg6+ 44. Kh5 Rg3 45. d6 Rh3+ 46. Kg4 Rxh6 47. Re4 Rh4+ 48. Kf5 Rh5+ 49. Kf4 Bg5+ 50. Kg4 Rh4+ 51. Kxg5 Rxe4 52. fxe4 Ke6 53. e5 1-0

[Event "January 9 Early 2024"]
[Site "https://www.chess.com"]
[Date "2024.01.11"]
[Round "7"]
[White "Yurovskykh, Oleksandr"]
[Black "Lysyj, Igor"]
[Result "0-1"]
[Board "233"]
[TimeControl "180+1"]
[WhiteFideId "14134020"]
[BlackFideId "4150120"]
[WhiteElo "2598"]
[BlackElo "2846"]
[WhiteTeam "UKR"]
[BlackTeam "FID"]
[WhiteClock "0:00:05"]
[BlackClock "0:00:08"]

1. d4 d5 2. Bf4 Nf6 3. e3 Bf5 4. c4 e6 5. Nc3 Nbd7 6. Nf3 Bb4 7. Qb3 c5 8. a3 Bxc3+ 9. bxc3 Qa5 10. Rc1 O-O 11. Be2 dxc4 12. Bxc4 cxd4 13. exd4 Be4 14. O-O Bxf3 15. gxf3 Qf5 16. Bd6 Rfc8 17. Kg2 Nb6 18. Be2 Nfd5 19. c4 Nf4+ 20. Bxf4 Qxf4 21. Qe3 Qf6 22. f4 Rd8 23. Rfd1 Rac8 24. Qe5 Qg6+ 25. Qg5 Rd7 26. Qxg6 hxg6 27. c5 Nd5 28. Kg3 Ne7 29. Bf3 Nf5+ 30. Kg2 b6 31. cxb6 Rxc1 32. bxa7 Rxa7 33. Rxc1 Rxa3 34. Be4 Nxd4 35. Re1 f5 36. Bb7 Kf7 37. h4 Rb3 38. Ba8 Rb4 39. Bf3 Kf6 40. Kg3 Rb3 41. Re3 Rxe3 42. fxe3 Nxf3 43. Kxf3 e5 44. Ke2 Ke6 45. Kd2 Kd6 46. Kc2 Kc6 47. Kd2 Kc5 48. Kc3 Kd5 49. Kd3 Ke6 50. Kc4 exf4 51. exf4 Kf7 52. Kd5 Kg8 53. Ke6 Kh7 54. Kf7 Kh6 55. Kg8 Kh5 56. Kh7 Kxh4 57. Kxg6 Kg4 58. Kxg7 Kxf4 59. Kg6 Kg4 60. Kf6 f4 61. Ke5 f3 62. Ke4 f2 0-1

[Event "January 9 Early 2024"]
[Site "https://www.chess.com"]
[Date "2024.01.11"]
[Round "7"]
[White "Nord, Alexander"]
[Black "Hartikainen, Jarmo"]
[Result "1-0"]
[Board "234"]
[TimeControl "180+1"]
[WhiteFideId "1738135"]
[BlackFideId "503134"]
[WhiteElo "2342"]
[BlackElo "2157"]
[WhiteTeam "SWE"]
[BlackTeam "FIN"]
[WhiteClock "0:00:17"]
[BlackClock "0:00:15"]

1. d4 d5 2. c4 c5 3. Nf3 Nf6 4. e3 e6 5. Nc3 Nc6 6. cxd5 Nxd5 7. Be2 Be7 8. O-O O-O 9. dxc5 Nxc3 10. bxc3 Bxc5 11. Qc2 Qe7 12. Bb2 e5 13. c4 f6 14. Rfd1 Be6 15. Bd3 g6 16. Be4 Nb4 17. Qc3 Rfd8 18. h3 Rac8 19. a3 Nc6 20. Qb3 Rxd1+ 21. Rxd1 Bb6 22. Bd5 Kg7 23. Bc3 Rd8 24. Rd2 Bxd5 25. cxd5 Na5 26. Qa2 Qc5 27. Bb4 Qc1+ 28. Kh2 e4 29. Nd4 Bxd4 30. Rxd4 Qc7+ 31. d6 Qb6 32. Qd2 Nc6 33. Rxe4 Nxb4 34. Rxb4 Qxd6+ 35. Qxd6 Rxd6 36. Rxb7+ Kh6 37. Rxa7 Rd2 38. Kg3 Ra2 39. Kf3 f5 40. Kg3 Kg5 41. a4 h5 42. h4+ Kf6 43. Kf3 Ke5 44. Ra6 Rxa4 45. Rxa4 Kf6 46. Ra6+ Ke5 47. Ra7 Kf6 48. Ra6+ Kg7 49. Rb6 Kh6 50. Kf4 Kg7 51. Kg5 Kf7 52. Rxg6 Ke7 53. Rf6 Kd7 54. Rxf5 Kd6 55. Rf6+ Ke5 56. Rh6 Ke4 57. Rxh5 Kd3 58. Rh6 Ke2 59. Rf6 Kf1 60. h5 Kg1 61. h6 Kf1 62. h7 Ke2 63. h8=Q Kf1 64. Qa8 Kg1 65. Rb6 Kxf2 66. Rb2+ Kg1 67. e4 Kh2 68. g4+ Kg3 69. Qa3# 1-0

[Event "January 9 Early 2024"]
[Site "https://www.chess.com"]
[Date "2024.01.11"]
[Round "7"]
[White "Sava, Ana-Maria"]
[Black "Tarnowska, Aleksandra"]
[Result "1-0"]
[Board "235"]
[TimeControl "180+1"]
[WhiteFideId "1213504"]
[BlackFideId "1180967"]
[WhiteElo "1842"]
[BlackElo "2189"]
[WhiteTeam "ROU"]
[BlackTeam "POL"]
[WhiteClock "0:00:33"]
[BlackClock "0:00:04"]

1. e4 c5 2. d4 cxd4 3. Qd3 Nc6 4. Nf3 d5 5. exd5 Qxd5 6. Bf4 e5 7. Bg3 e4 8. Qe2 Bb4+ 9. c3 d3 10. Qe3 Bc5 11. Nd4 Bxd4 12. cxd4 Nxd4 13. Bxd3 Nf6 14. Nc3 Qe6 15. Nxe4 Nxe4 16. Bxe4 Nc6 17. Bxc6+ bxc6 18. Qxe6+ Bxe6 19. O-O O-O 20. b3 Rad8 21. Rac1 Bd5 22. Bh4 Rde8 23. Rfd1 Re2 24. a4 Bxb3 25. Rd7 Bxa4 26. Rxa7 Bb5 27. Rc7 Rfe8 28. h3 h6 29. Bg3 g5 30. Ra1 Re1+ 31. Rxe1 Rxe1+ 32. Kh2 Re8 33. Bd6 Kg7 34. Kg3 Kg6 35. h4 gxh4+ 36. Kxh4 h5 37. Kg3 Re6 38. Bc5 Re5 39. Bd4 Rg5+ 40. Kf3 Rd5 41. Be3 Ba4 42. Ke4 Bc2+ 43. Kf4 Ba4 44. Ra7 Bb5 45. Ra8 Rf5+ 46. Kg3 Kf6 47. Bd4+ Ke6 48. f3 Kd5 49. Be3 c5 50. Rc8 Kc4 51. Kf2 Kb4 52. Ke1 Rd5 53. Rc7 c4 54. Rxf7 c3 55. Rf4+ Kb3 56. Rf6 c2 57. Rf8 Rd1+ 58. Kf2 c1=Q 59. Bxc1 Rxc1 60. Rf5 Be8 61. Re5 Rc8 62. g4 hxg4 63. fxg4 Bg6 64. Kf3 Kc3 65. Kf4 Kd4 66. Re6 Rg8 67. Rf6 Be8 68. g5 Kd5 69. Rf5+ Ke6 70. Re5+ Kf7 71. Ra5 Kg6 72. Ra6+ Kh5 73. Rh6# 1-0

[Event "January 9 Early 2024"]
[Site "https://www.chess.com"]
[Date "2024.01.11"]
[Round "7"]
[White "Garakov, Mikhael"]
[Black "Hungaski, Robert"]
[Result "1-0"]
[Board "236"]
[TimeControl "180+1"]
[WhiteFideId "4169034"]
[BlackFideId "2021030"]
[WhiteElo "2666"]
[BlackElo "2460"]
[WhiteTeam "RUS"]
[BlackTeam "USA"]
[WhiteClock "0:00:05"]
[BlackClock "0:00:01"]

1. e4 e5 2. Nf3 Nc6 3. Bd3 Nf6 4. O-O g6 5. Re1 d6 6. h3 Bg7 7. c3 O-O 8. Bc2 a5 9. a3 Qe7 10. d4 h6 11. Nbd2 Bd7 12. Nc4 b5 13. Ne3 a4 14. Nd5 Qd8 15. Be3 exd4 16. Nxf6+ Qxf6 17. cxd4 Na5 18. e5 dxe5 19. dxe5 Qe7 20. Be4 Rad8 21. Qe2 Nc4 22. Bd4 c5 23. Bc3 Be6 24. Rad1 b4 25. axb4 cxb4 26. Bd4 Rc8 27. Bd3 Rfd8 28. Rc1 Qc7 29. Bxc4 Bxc4 30. Qe3 Qc6 31. Nd2 Qd5 32. Nxc4 Rxc4 33. Bb6 Rdc8 34. Rcd1 Qe6 35. Rd6 Qe7 36. Qd2 Bxe5 37. Rd7 Qe6 38. Rd8+ Rxd8 39. Qxd8+ Kh7 40. Be3 Bg7 41. Qd2 Re4 42. Rc1 a3 43. bxa3 bxa3 44. Rc2 Bb2 45. Rxb2 axb2 46. Qxb2 Qe5 47. Qb7 Kg8 48. Qc8+ Kg7 49. Qd7 g5 50. Qd2 f6 51. Qc2 Qe7 52. Qc6 Re6 53. Qc4 Qf7 54. Qg4 Re7 55. h4 1-0

[Event "January 9 Early 2024"]
[Site "https://www.chess.com"]
[Date "2024.01.11"]
[Round "7"]
[White "Makarian, Rudik"]
[Black "Svane, Rasmus"]
[Result "1/2-1/2"]
[Board "237"]
[TimeControl "180+1"]
[WhiteFideId "44105681"]
[BlackFideId "4657101"]
[WhiteElo "3093"]
[BlackElo "3030"]
[WhiteTeam "FID"]
[BlackTeam "GER"]
[WhiteClock "0:00:06"]
[BlackClock "0:00:11"]

1. d4 Nf6 2. c4 e6 3. Nf3 d5 4. g3 Be7 5. Bg2 O-O 6. O-O dxc4 7. Qc2 a6 8. a4 Bd7 9. Qxc4 Bc6 10. Bg5 Nbd7 11. Nc3 h6 12. Bxf6 Nxf6 13. b4 Bd5 14. Nxd5 exd5 15. Qb3 c6 16. e3 Bd6 17. b5 axb5 18. axb5 Qd7 19. bxc6 bxc6 20. Rfc1 Rxa1 21. Rxa1 Rb8 22. Qc2 Rc8 23. Ne1 c5 24. dxc5 Bxc5 25. Qd3 g6 26. Rd1 Rd8 27. Qe2 Qe6 28. Nd3 Bd6 29. Ne1 Bf8 30. Nf3 Bg7 31. Nd4 Qd7 32. Nc2 Qe7 33. Qd3 h5 34. h4 Qc5 35. Bf3 Qc7 36. Nd4 Qc4 37. Ne2 Qxd3 38. Rxd3 Rd7 39. Nf4 Bh6 40. Nxd5 Nxd5 41. Bxd5 Rc7 42. e4 Bg7 43. Kg2 Bf6 44. f4 Rc2+ 45. Kh3 Rc3 46. Rd2 Be7 47. Rb2 Rc7 48. Kg2 Kg7 49. Rb3 Ra7 50. Rb5 Rc7 51. Rb6 Bc5 52. Rb3 Be7 53. Kh3 Bf6 54. e5 Be7 55. g4 hxg4+ 56. Kxg4 f6 57. Rb6 fxe5 58. fxe5 Rc5 59. Rb7 Rxd5 60. Rxe7+ Kf8 61. Re6 Kf7 62. Rf6+ Ke7 63. Kf4 Rd4+ 64. Kg5 Re4 65. e6 Rg4+ 66. Kxg4 Kxf6 67. h5 gxh5+ 68. Kxh5 Kxe6 1/2-1/2

[Event "January 9 Early 2024"]
[Site "https://www.chess.com"]
[Date "2024.01.11"]
[Round "7"]
[White "Radjabov, Teimour"]
[Black "Bacrot, Etienne"]
[Result "1-0"]
[Board "238"]
[TimeControl "180+1"]
[WhiteFideId "13400924"]
[BlackFideId "605506"]
[WhiteElo "3025"]
[BlackElo "2839"]
[WhiteTeam "AZE"]
[BlackTeam "FRA"]
[WhiteClock "0:00:03"]
[BlackClock "0:00:01"]

1. e4 c5 2. Nf3 d6 3. Be2 Nc6 4. c3 d5 5. d3 e5 6. exd5 Qxd5 7. O-O Nf6 8. Bg5 Be7 9. Nbd2 O-O 10. Re1 h6 11. Bh4 Re8 12. Nc4 b5 13. Nfxe5 Nxe5 14. Nxe5 Qxe5 15. Bf3 Qb8 16. Bg3 Qb6 17. Bxa8 Be6 18. Bf3 Rd8 19. Qe2 Bf8 20. a3 a5 21. h3 a4 22. Rac1 Bb3 23. Qe3 Nd5 24. Bxd5 Bxd5 25. d4 cxd4 26. cxd4 Qg6 27. Kh2 b4 28. axb4 Bxb4 29. Re2 Bd6 30. Rg1 Bf8 31. f3 Bc4 32. Rd2 Bb4 33. Rdd1 Qb6 34. Qf2 Bb3 35. Rc1 Qxd4 36. Rc8 Kh7 37. Rxd8 Qxd8 38. Rc1 Qg5 39. Rc6 Be7 40. Qe1 Bf6 41. Qe4+ Qg6 42. Qe2 Qf5 43. Rd6 h5 44. h4 Qg6 45. Rd2 Qf5 46. Qf2 Qa5 47. Re2 Qf5 48. Re4 Qd5 49. Qe2 Qf5 50. Be5 Bd8 51. Bg3 Bf6 52. Be5 Bd8 53. Qf2 Qg6 54. Bg3 Bf6 55. Be5 Bd8 56. Re2 Qf5 57. Qg3 f6 58. Bc7 Bxc7 59. Qxc7 Kg6 60. Re7 Qf4+ 61. Qxf4 1-0